 Dungeon Crawl Stone Soup version 0.23.0 (webtiles) character file.

Game seed: 8741878132806731469

197 vishdafish the Skirmisher (level 6, -3/47 HPs)
             Began as a Formicid Skald on Feb 15, 2019.
             Slain by a black bear (6 damage)
             ... on level 4 of the Dungeon.
             The game lasted 00:04:55 (3614 turns).

vishdafish the Skirmisher (Formicid Skald)          Turns: 3614, Time: 00:04:55

Health: -3/47      AC:  6    Str: 16    XL:     6   Next: 5%
Magic:  13/19      EV: 11    Int: 14    God:
Gold:   96         SH:  0    Dex: 12    Spells: 10/11 levels left

rFire    . . .     SeeInvis +   a - +0 hand axe
rCold    . . .     Gourm    .   (no shield)
rNeg     . . .     Faith    .   r - +0 ring mail
rPois    .         Spirit   .   (helmet unavailable)
rElec    .         Reflect  .   (no cloak)
rCorr    .         Harm     .   (no gloves)
MR       .....                  n - +0 pair of boots
Stlth    +.........             (no amulet)
HPRegen  0.15/turn              f - +2 ring of dexterity
MPRegen  0.16/turn              m - ring of magical power

@: infused
A: permanent stasis, dig shafts and tunnels, four strong arms, antennae 3
a: Dig, Shaft Self


You were on level 4 of the Dungeon.
You were very hungry.

You visited 1 branch of the dungeon, and saw 4 of its levels.

You collected 96 gold pieces.

Inventory:

Hand Weapons
 a - a +0 hand axe (weapon)
Armour
 b - a +0 leather armour
 n - a +0 pair of boots (worn)
 r - a +0 ring mail (worn)
Jewellery
 f - a +2 ring of dexterity (left hand)
 j - a +2 ring of intelligence
 m - a ring of magical power (right hand)
 s - an uncursed ring of stealth
Scrolls
 e - a scroll of enchant weapon
 i - a scroll of enchant armour
 k - a scroll of blinking {unknown}
 q - 2 scrolls of teleportation
Potions
 c - a potion of lignification {unknown}
 g - a potion of brilliance {unknown}
 h - a potion of haste {unknown}
 o - a potion of might {unknown}
 p - a potion of magic
 t - a potion of mutation {unknown}
Comestibles
 d - 6 rations


   Skills:
 + Level 3.4 Fighting
 + Level 3.0 Axes
 + Level 2.8 Armour
 + Level 2.7 Dodging
 - Level 3.2 Spellcasting
 + Level 3.0 Charms


You had 10 spell levels left.
You knew the following spells:

 Your Spells              Type           Power        Failure   Level  Hunger
a - Infusion              Chrm           ##..         12%         1    #......

Your spell library contained the following spells:

 Spells                   Type           Power        Failure   Level  Hunger
 Song of Slaying          Chrm           ##......     17%         2    ##.....
 Shroud of Golubria       Chrm/Tloc      #.........   32%         2    ##.....
 Regeneration             Chrm/Necr      #.........   54%         3    ###....
 Spectral Weapon          Hex/Chrm       #.......     54%         3    ###....


Dungeon Overview and Level Annotations

Branches:
Dungeon (4/15)
 Temple: D:4-7

Altars:
Trog
Xom


Innate Abilities, Weirdness & Mutations

You cannot be hasted, slowed, berserked, paralysed or teleported.
You can dig through walls and to a lower floor.
Your four strong arms can wield two-handed weapons with a shield.
You have a pair of large antennae on your head. (SInv)


Message History

The black bear goes berserk!
The black bear completely misses you. The black bear barely misses you. x2
You closely miss the black bear.
The black bear is almost dead.
The black bear bites you. The black bear claws you. x2
* * * LOW HITPOINT WARNING * * *
You hit the black bear.
The black bear is almost dead.
The black bear closely misses you. x2
The black bear claws you but does no damage.
The black bear bites you!
* * * LOW HITPOINT WARNING * * *
The black bear claws you but does no damage.
The black bear closely misses you.
You aren't carrying any items that you can evoke.
Okay, then.
You hit the black bear.
The black bear is almost dead.
The black bear bites you.
You die...

#.## $.# #####
##.##.....
#.....#
#...### #.#..#
#{ #.##.# .
#h##.## .#
#@##..# ..#
#.###>###.###.
..# #.........
{####
##..#.###
#####.....#
#.......###
#..####..# #
####.###
##......#


You could see a black bear (berserk).

Vanquished Creatures
  A hound (D:3)
  An iguana (D:2)
  7 adders
  A worm (D:2)
  2 dart slugs
  A leopard gecko (D:2)
  4 orcs (D:3)
  3 giant cockroaches
  7 goblins
  6 hobgoblins
  3 jackals (D:2)
  14 kobolds
  A quokka (D:3)
  2 ball pythons
  6 bats
  A frilled lizard (D:2)
  9 rats
69 creatures vanquished.

Notes
Turn   | Place    | Note
-------+----------+-------------------------------------------
     0 | D:1      | vishdafish the Formicid Skald began the quest for the Orb.
     0 | D:1      | Reached XP level 1. HP: 16/16 MP: 3/3
    69 | D:1      | Reached XP level 2. HP: 8/23 MP: 0/5
   810 | D:1      | Reached XP level 3. HP: 28/28 MP: 6/6
  1175 | D:2      | Reached XP level 4. HP: 15/34 MP: 7/7
  1601 | D:2      | Found a shimmering altar of Xom.
  2311 | D:2      | Reached XP level 5. HP: 23/41 MP: 9/9
  2500 | D:3      | Found a bloodstained altar of Trog.
  3431 | D:3      | Reached XP level 6. HP: 47/47 MP: 10/10
  3587 | D:4      | Noticed a black bear
  3614 | D:4      | Slain by a black bear

Skill      XL: |  1  2  3  4  5 |
---------------+----------------+-----
Dodging        | 2 |  2.7
Armour         | 2 |  2.8
Fighting       | 3 |  3.4
Spellcasting   | 3 |  3.2
Axes           | 3 |  3.0
Charms         | |  3.0

Action                   |  1- 3 |  4- 6 || total
-------------------------+-------+-------++-------
Melee: Hand axe          |    86 |   212 ||   298
 Cast: Infusion          |     3 |     6 ||     9
  Use: Scroll            |       |     8 ||     8
 Stab: Sleeping          |       |     1 ||     1
  Eat: Chunk             |       |     8 ||     8
Armor: Leather armour    |    15 |    29 ||    44
       Ring mail         |       |    65 ||    65
Dodge: Dodged            |    60 |   167 ||   227
